Workbook
Name EmpDB: OFFSET([1]Employee!$A$1,0,0,COUNTA([1]Employee!$A:$A),COUNTA([1]Employee!$1:$1))
Name ListEmp1: OFFSET([1]TempData!$B$5,1,0,COUNTA([1]TempData!$B:$B))
Name ListEmp2: OFFSET([1]YearToDate!$B$5,1,0,COUNTA([1]YearToDate!$B:$B))
Name PDate: [1]TaxCalculation!$D$114
Name SFRate: [1]CompanyProfile!$C$8
Name V_Month: [1]TaxCalculation!$C$109

Sheet Pay_slip
F1: * ข้อมูลเงินเดือนเป็นความลับเฉพาะบุคคลห้ามมิให้เปิดเผยต่อบุคคลอื่น *
E2: ใบรับเงินเดือน / PAY SLIP
B3: บริษัท ABC | E3: ="เดือน/ปี MONTH/YEAR : " -> เดือน/ปี MONTH/YEAR : | F3: =pivot!B1 -> (All)
E4: รหัสพนักงาน / EMP. No : | F4: 123
A5: ชื่อ/NAME | B5: =VLOOKUP(F4,pivot!$A$3:$N$15,2,FALSE) -> aaa bbb | E5: สำนักงาน/OFFICE : | F5: BKK
B7: =[1]SheetData!F5 -> เงินเดือน | C7: =[1]SheetData!G5 -> ค่าล่วงเวลา | D7: =[1]SheetData!H5 -> ค่าเช่าบ้าน | E7: =[1]SheetData!I5 -> ค่าน้ำมัน | F7: รวมรายได้
B8: SALARY / WAGE | C8: OVERTIME | D8: RENTAL | E8: Fuel | F8: TOTAL INCOME
B9: =VLOOKUP(F4,pivot!$A$4:$N$15,3,FALSE) -> 10000 | C9: =VLOOKUP(F4,pivot!$A$4:$N$15,4,FALSE) -> 0 | D9: =VLOOKUP(F4,pivot!$A$4:$N$15,5,FALSE) -> 0 | E9: =VLOOKUP(F4,pivot!$A$4:$N$15,6,FALSE) -> 0 | F9: =SUM(B9:E9,B12:E12) -> 10000
B10: =[1]SheetData!J5 -> ค่าเบี้ยเลี้ยง | C10: =[1]SheetData!K5 -> ค่าครองชีพ | D10: =[1]SheetData!L5 -> โบนัส | E10: =[1]SheetData!M5 -> อื่น ๆ
B11: TRAVEL/PERDIAM | C11: SPECIAL ALLOWANCE | D11: BONUS | E11: OTHER INCOME
B12: =VLOOKUP(F4,pivot!$A$4:$N$15,7,FALSE) -> 0 | C12: =VLOOKUP(F4,pivot!$A$4:$N$15,8,FALSE) -> 0 | D12: =VLOOKUP(F4,pivot!$A$4:$N$15,9,FALSE) -> 0 | E12: =VLOOKUP(F4,pivot!$A$4:$N$15,10,FALSE) -> 0
B13: ภาษีหัก ณ ที่จ่าย | C13: เงินประกันสังคม | D13: เงินสำรองเลี้ยงชีพ | E13: อื่น ๆ | F13: รวมรายการหัก
B14: INCOME TAX | C14: SOCIAL SEC FUND | D14: PROVIDENT FUND | E14: OTHER | F14: TOTAL DEDUCTION
B15: =VLOOKUP(F4,pivot!$A$4:$N$15,11,FALSE) -> 0 | C15: =VLOOKUP(F4,pivot!$A$4:$N$15,12,FALSE) -> 0 | D15: =VLOOKUP(F4,pivot!$A$4:$N$15,13,FALSE) -> 0 | E15: =VLOOKUP(F4,pivot!$A$4:$N$15,14,FALSE) -> 0 | F15: =SUM(B15:E15,B18:E18) -> 0
A20: รายได้สะสม | B20: ภาษีสะสม | C20: ปกส.สะสม | F20: รายได้สุทธิ
A21: YTD. INCOME | B21: YTD. TAX | C21: YTD. SSF | D21: เลขประจำตัวประชาชน/ID Card : | F21: NET PAID
D22: ธนาคาร/BANK : | F22: =F9-F15 -> 10000
D23: เลขที่บัญชี/ACCOUNT NO. :
F28: * ข้อมูลเงินเดือนเป็นความลับเฉพาะบุคคลห้ามมิให้เปิดเผยต่อบุคคลอื่น *
E29: ใบรับเงินเดือน / PAY SLIP
E30: ="เดือน/ปี MONTH/YEAR : " -> เดือน/ปี MONTH/YEAR : | F30: =[1]TempData!$T$2 -> 41348
E31: รหัสพนักงาน / EMP. No | F31: =VLOOKUP([1]CompanyProfile!$B$89,[1]Employee!$A:$I,1,FALSE) -> 1002
A32: =A5 -> ชื่อ/NAME | B32: =VLOOKUP([1]CompanyProfile!$B$89,[1]Employee!$A:$I,2,FALSE)&VLOOKUP([1]CompanyProfile!$B$89,[1]Employee!$A:$I,3,FALSE)&" "&VLOOKUP([1]CompanyProfile!$B$89,[1]Employee!$A:$I,4,FALSE) -> นางสาววรรธนกร ขขขขขข | E32: สำนักงาน/OFFICE : | F32: =VLOOKUP([1]CompanyProfile!$B$89,[1]Employee!$A:$I,9,FALSE) -> BKK
B34: =B7 -> เงินเดือน | C34: =C7 -> ค่าล่วงเวลา | D34: =D7 -> ค่าเช่าบ้าน | E34: =E7 -> ค่าน้ำมัน | F34: รวมรายได้
B35: =B8 -> SALARY / WAGE | C35: =C8 -> OVERTIME | D35: =D8 -> RENTAL | E35: =E8 -> Fuel | F35: TOTAL INCOME
B36: =[1]CompanyProfile!F89 -> 85000 | C36: =[1]CompanyProfile!G89 -> 1000 | D36: =[1]CompanyProfile!H89 -> 2000 | E36: =[1]CompanyProfile!I89 -> 3000 | F36: =SUM(B36:E36,B39:E39) -> 113000
B37: =B10 -> ค่าเบี้ยเลี้ยง | C37: =C10 -> ค่าครองชีพ | D37: =D10 -> โบนัส | E37: =E10 -> อื่น ๆ
B38: =B11 -> TRAVEL/PERDIAM | C38: =C11 -> SPECIAL ALLOWANCE | D38: =D11 -> BONUS | E38: =E11 -> OTHER INCOME
B39: =[1]CompanyProfile!J89 -> 4000 | C39: =[1]CompanyProfile!K89 -> 5000 | D39: =[1]CompanyProfile!L89 -> 6000 | E39: =[1]CompanyProfile!M89 -> 7000
B40: =B13 -> ภาษีหัก ณ ที่จ่าย | C40: =C13 -> เงินประกันสังคม | D40: =D13 -> เงินสำรองเลี้ยงชีพ | E40: =E13 -> อื่น ๆ | F40: รวมรายการหัก
B41: =B14 -> INCOME TAX | C41: =C14 -> SOCIAL SEC FUND | D41: =D14 -> PROVIDENT FUND | E41: =E14 -> OTHER | F41: TOTAL DEDUCTION
B42: =[1]CompanyProfile!O89 -> 11072 | C42: =[1]CompanyProfile!P89 -> 600 | D42: =[1]CompanyProfile!Q89 -> 0 | E42: =[1]CompanyProfile!R89 -> 0 | F42: =SUM(B42:E42,B45:E45) -> 11672
A47: รายได้สะสม | B47: ภาษีสะสม | C47: ปกส.สะสม | F47: รายได้สุทธิ
A48: YTD. INCOME | B48: YTD. TAX | C48: YTD. SSF | D48: เลขประจำตัวประชาชน/ID Card : | E48: =VLOOKUP([1]CompanyProfile!$B$89,[1]Employee!$A:$I,6,FALSE) -> 1234567890123 | F48: NET PAID
D49: ธนาคาร/BANK : | E49: =VLOOKUP([1]CompanyProfile!$B$89,[1]Employee!$A:$I,7,FALSE) -> SCB | F49: =F36-F42 -> 101328
A50: =[1]CompanyProfile!V89 -> 234512 | B50: =[1]CompanyProfile!W89 -> 28412 | C50: =[1]CompanyProfile!X89 -> 1305 | D50: เลขที่บัญชี/ACCOUNT NO. : | E50: =VLOOKUP([1]CompanyProfile!$B$89,[1]Employee!$A:$I,8,FALSE) -> 1234567890

Sheet pivot
A1: เดิอน | B1: (All)
A3: รหัสพนักงาน | B3: ชื่อ-นามสกุล | C3: เงินเดือน | D3: ค่าล่วงเวลา | E3: ค่าเคสประเมิน | F3: ค่าน้ำมัน | G3: ค่าเบี้ยเลี้ยง | H3: ค่าครองชีพ | I3: โบนัส | J3: อื่น ๆ | K3: ภาษีหัก ณ ที่จ่าย | L3: เงินประกันสังคม | M3: เงินสำรองเลี้ยงชีพ | N3: อื่น ๆ2 | P3: รหัสพนักงาน | Q3: Sum of ภาษีหัก ณ ที่จ่าย | R3: Sum of เงินประกันสังคม | S3: Sum of เงินสำรองเลี้ยงชีพ
A4: 123 | B4: aaa bbb | C4: 10000 | D4: 0 | E4: 0 | F4: 0 | G4: 0 | H4: 0 | I4: 0 | J4: 0 | K4: 0 | L4: 0 | M4: 0 | N4: 0 | P4: 123 | Q4: 0 | R4: 0 | S4: 0
A5: 124 | B5: ccc ddd | C5: 20000 | D5: 0 | E5: 0 | F5: 0 | G5: 0 | H5: 0 | I5: 0 | J5: 0 | K5: 0 | L5: 0 | M5: 0 | N5: 0 | P5: 124 | Q5: 0 | R5: 0 | S5: 0
A6: 125 | B6: eee bbb | C6: 30000 | D6: 0 | E6: 0 | F6: 0 | G6: 0 | H6: 0 | I6: 0 | J6: 0 | K6: 0 | L6: 0 | M6: 0 | N6: 0 | P6: 125 | Q6: 0 | R6: 0 | S6: 0
A7: 126 | B7: fff bbb | C7: 40000 | D7: 0 | E7: 0 | F7: 0 | G7: 0 | H7: 0 | I7: 0 | J7: 0 | K7: 0 | L7: 0 | M7: 0 | N7: 0 | P7: 126 | Q7: 0 | R7: 0 | S7: 0
A8: 127 | B8: ggg bbb | C8: 50000 | D8: 0 | E8: 0 | F8: 0 | G8: 0 | H8: 0 | I8: 0 | J8: 0 | K8: 0 | L8: 0 | M8: 0 | N8: 0 | P8: 127 | Q8: 0 | R8: 0 | S8: 0
A9: 128 | B9: hhh bbb | C9: 60000 | D9: 0 | E9: 0 | F9: 0 | G9: 0 | H9: 0 | I9: 0 | J9: 0 | K9: 0 | L9: 0 | M9: 0 | N9: 0 | P9: 128 | Q9: 0 | R9: 0 | S9: 0
A10: 129 | B10: iii bbb | C10: 70000 | D10: 0 | E10: 0 | F10: 0 | G10: 0 | H10: 0 | I10: 0 | J10: 0 | K10: 0 | L10: 0 | M10: 0 | N10: 0 | P10: 129 | Q10: 0 | R10: 0 | S10: 0
A11: 130 | B11: jjj bbb | C11: 80000 | D11: 0 | E11: 0 | F11: 0 | G11: 0 | H11: 0 | I11: 0 | J11: 0 | K11: 0 | L11: 0 | M11: 0 | N11: 0 | P11: 130 | Q11: 0 | R11: 0 | S11: 0
A12: 131 | B12: kkk bbb | C12: 90000 | D12: 0 | E12: 0 | F12: 0 | G12: 0 | H12: 0 | I12: 0 | J12: 0 | K12: 0 | L12: 0 | M12: 0 | N12: 0 | P12: 131 | Q12: 0 | R12: 0 | S12: 0
A13: 132 | B13: lll bbb | C13: 100000 | D13: 0 | E13: 0 | F13: 0 | G13: 0 | H13: 0 | I13: 0 | J13: 0 | K13: 0 | L13: 0 | M13: 0 | N13: 0 | P13: 132 | Q13: 0 | R13: 0 | S13: 0
A14: 133 | B14: mmm bbb | C14: 110000 | D14: 0 | E14: 0 | F14: 0 | G14: 0 | H14: 0 | I14: 0 | J14: 0 | K14: 0 | L14: 0 | M14: 0 | N14: 0 | P14: 133 | Q14: 0 | R14: 0 | S14: 0
A15: 134 | B15: nnn bbb | C15: 120000 | D15: 0 | E15: 0 | F15: 0 | G15: 0 | H15: 0 | I15: 0 | J15: 0 | K15: 0 | L15: 0 | M15: 0 | N15: 0 | P15: 134 | Q15: 0 | R15: 0 | S15: 0
A16: Grand Total | P16: Grand Total | Q16: 0 | R16: 0 | S16: 0

Sheet data
A1: เดิอน | B1: รหัสพนักงาน | C1: ชื่อ | D1: นามสกุล | E1: ชื่อ-นามสกุล | F1: เงินเดือน | G1: ค่าล่วงเวลา | H1: ค่าเคสประเมิน | I1: ค่าน้ำมัน | J1: ค่าเบี้ยเลี้ยง | K1: ค่าครองชีพ | L1: โบนัส | M1: อื่น ๆ | N1: ภาษีหัก ณ ที่จ่าย | O1: เงินประกันสังคม | P1: เงินสำรองเลี้ยงชีพ | Q1: อื่น ๆ2
A2: Jan | B2: 123 | C2: aaa | D2: bbb | E2: =CONCATENATE(C2," ",D2) -> aaa bbb | F2: 10000 | G2: 0 | H2: 0 | I2: 0 | J2: 0 | K2: 0 | L2: 0 | M2: 0 | N2: 0 | O2: 0 | P2: 0 | Q2: 0
A3: Feb | B3: 124 | C3: ccc | D3: ddd | E3: =CONCATENATE(C3," ",D3) -> ccc ddd | F3: 20000 | G3: 0 | H3: 0 | I3: 0 | J3: 0 | K3: 0 | L3: 0 | M3: 0 | N3: 0 | O3: 0 | P3: 0 | Q3: 0
A4: Mar | B4: 125 | C4: eee | D4: bbb | E4: =CONCATENATE(C4," ",D4) -> eee bbb | F4: 30000 | G4: 0 | H4: 0 | I4: 0 | J4: 0 | K4: 0 | L4: 0 | M4: 0 | N4: 0 | O4: 0 | P4: 0 | Q4: 0
A5: Apr | B5: 126 | C5: fff | D5: bbb | E5: =CONCATENATE(C5," ",D5) -> fff bbb | F5: 40000 | G5: 0 | H5: 0 | I5: 0 | J5: 0 | K5: 0 | L5: 0 | M5: 0 | N5: 0 | O5: 0 | P5: 0 | Q5: 0
A6: May | B6: 127 | C6: ggg | D6: bbb | E6: =CONCATENATE(C6," ",D6) -> ggg bbb | F6: 50000 | G6: 0 | H6: 0 | I6: 0 | J6: 0 | K6: 0 | L6: 0 | M6: 0 | N6: 0 | O6: 0 | P6: 0 | Q6: 0
A7: Jun | B7: 128 | C7: hhh | D7: bbb | E7: =CONCATENATE(C7," ",D7) -> hhh bbb | F7: 60000 | G7: 0 | H7: 0 | I7: 0 | J7: 0 | K7: 0 | L7: 0 | M7: 0 | N7: 0 | O7: 0 | P7: 0 | Q7: 0
A8: Jul | B8: 129 | C8: iii | D8: bbb | E8: =CONCATENATE(C8," ",D8) -> iii bbb | F8: 70000 | G8: 0 | H8: 0 | I8: 0 | J8: 0 | K8: 0 | L8: 0 | M8: 0 | N8: 0 | O8: 0 | P8: 0 | Q8: 0
A9: Aug | B9: 130 | C9: jjj | D9: bbb | E9: =CONCATENATE(C9," ",D9) -> jjj bbb | F9: 80000 | G9: 0 | H9: 0 | I9: 0 | J9: 0 | K9: 0 | L9: 0 | M9: 0 | N9: 0 | O9: 0 | P9: 0 | Q9: 0
A10: Sep | B10: 131 | C10: kkk | D10: bbb | E10: =CONCATENATE(C10," ",D10) -> kkk bbb | F10: 90000 | G10: 0 | H10: 0 | I10: 0 | J10: 0 | K10: 0 | L10: 0 | M10: 0 | N10: 0 | O10: 0 | P10: 0 | Q10: 0
A11: Oct | B11: 132 | C11: lll | D11: bbb | E11: =CONCATENATE(C11," ",D11) -> lll bbb | F11: 100000 | G11: 0 | H11: 0 | I11: 0 | J11: 0 | K11: 0 | L11: 0 | M11: 0 | N11: 0 | O11: 0 | P11: 0 | Q11: 0
A12: Nov | B12: 133 | C12: mmm | D12: bbb | E12: =CONCATENATE(C12," ",D12) -> mmm bbb | F12: 110000 | G12: 0 | H12: 0 | I12: 0 | J12: 0 | K12: 0 | L12: 0 | M12: 0 | N12: 0 | O12: 0 | P12: 0 | Q12: 0
A13: Dec | B13: 134 | C13: nnn | D13: bbb | E13: =CONCATENATE(C13," ",D13) -> nnn bbb | F13: 120000 | G13: 0 | H13: 0 | I13: 0 | J13: 0 | K13: 0 | L13: 0 | M13: 0 | N13: 0 | O13: 0 | P13: 0 | Q13: 0
